AoeStats
← Mr. Penis

QS Arena

503660885Analyzed
4v4 RM · 1mo ago on Sep 1, 2026· 46m 29s· 8 players
Game mode
Random Map
Map size
Large (8 player)
Population
200
Speed
Normal
Resources
Standard
Victory
Conquest
Starting age
Dark Age
Ending age
Imperial Age
RankedLock teamsTeams togetherTeam positionsShared explorationLock speedFull tech treeHidden civsTurbo modeCheats
Victory
Defeat
🇷🇺 Jurchens · Russia
1214
+15
🇲🇩 Georgians · Moldova
1202
+15
🇨🇳 Turks · China
1196
+15
🇮🇳 Bohemians · India
1186
+16
🇷🇺 Saracens · Russia
1212
-17
🇦🇷 Vikings · Argentina
1176
-15
🇩🇪 Burgundians · Germany
1175
-15
🇵🇱 Persians · Poland
1167
-15
IlikeStone
8:57 Feudal Age
12:35 Castle Age
10:40 Double-Bit Axe
11:08 Horse Collar
13:11 Bow Saw
15:30 Loom
18:37 Wheelbarrow
21:21 Heavy Plow
22:41 Hand Cart
23:48 Gold Mining
23:51 Stone Mining
25:58 Bloodlines
25:48 Husbandry
26:11 Scale Barding Armor
26:17 Forging
29:30 Imperial Age
27:27 Scale Mail Armor
27:48 Chain Barding Armor
30:16 Gold Shaft Mining
29:07 Cavalier
30:26 Iron Casting
30:44 Plate Barding Armor
30:52 Coinage
30:23 Caravan
30:50 Savar
33:44 Blast Furnace
33:43 Conscription
33:40 Citadels
34:06 Hoardings
34:27 Banking
34:29 Fletching
39:09 Kamandaran
39:44 Crossbowman
40:29 Thumb Ring
BúffaloTincho
8:43 Feudal Age
9:32 Loom
9:47 Double-Bit Axe
13:13 Castle Age
12:29 Stone Mining
16:26 Horse Collar
19:28 Scale Mail Armor
20:00 Squires
21:37 Forging
23:02 Chain Mail Armor
29:01 Imperial Age
28:26 Iron Casting
27:42 Fletching
27:53 Padded Archer Armor
28:20 Town Watch
28:12 Elite Skirmisher
30:00 Ballistics
29:04 Capped Ram
30:39 Bow Saw
33:04 Bodkin Arrow
33:25 Leather Archer Armor
34:14 Chemistry
33:33 Heavy Plow
35:25 Siege Engineers
37:07 Chieftains
37:07 Gold Mining
36:58 Elite Berserk
39:04 Masonry
39:51 Plate Mail Armor
41:27 Two-Man Saw
40:59 Architecture
40:25 Murder Holes
40:49 Arson
43:37 Blast Furnace
43:43 Conscription
44:13 Bracer
binks
8:47 Feudal Age
7:06 Double-Bit Axe
7:22 Horse Collar
13:06 Castle Age
11:47 Bow Saw
12:03 Heavy Plow
13:27 Wheelbarrow
15:17 Two-Man Saw
15:14 Loom
18:16 Crop Rotation
19:53 Hand Cart
22:28 Gold Mining
22:28 Stone Mining
25:57 Imperial Age
23:51 Scale Barding Armor
23:49 Cavalier
24:30 Husbandry
25:05 Forging
25:16 Chain Barding Armor
26:39 Iron Casting
27:34 Plate Barding Armor
28:03 Gold Shaft Mining
27:53 Conscription
27:33 Paladin
29:20 Blast Furnace
29:14 Burgundian Vineyards
30:47 Stone Shaft Mining
30:47 Scale Mail Armor
38:30 Pikeman
39:11 Squires
38:56 Arson
39:28 Chain Mail Armor
spirrulina
8:14 Feudal Age
12:10 Castle Age
12:00 Fletching
12:59 Double-Bit Axe
15:13 Padded Archer Armor
15:29 Crossbowman
17:24 Ballistics
17:56 Bodkin Arrow
21:04 Leather Archer Armor
23:04 Thumb Ring
26:35 Redemption
27:07 Sanctity
28:50 Sanctity
31:26 Imperial Age
30:05 Fortified Wall
32:35 Bracer
32:59 Block Printing
34:28 Chemistry
38:56 Ring Archer Armor
39:17 Fervor
Cheetah
7:39 Loom
9:47 Feudal Age
13:37 Castle Age
11:51 Double-Bit Axe
12:33 Horse Collar
20:33 Wheelbarrow
21:41 Bow Saw
21:32 Heavy Plow
23:05 Hand Cart
28:13 Imperial Age
25:54 Fletching
28:43 Bodkin Arrow
29:59 Chemistry
29:41 Ballistics
29:45 Conscription
30:05 Pikeman
30:46 Squires
30:44 Houfnice
31:27 Scale Mail Armor
30:50 Halberdier
32:40 Two-Man Saw
32:40 Chain Mail Armor
32:37 Forging
34:02 Siege Engineers
34:50 Plate Mail Armor
34:56 Iron Casting
34:22 Bracer
37:18 Arson
38:37 Blast Furnace
41:14 Masonry
41:02 Murder Holes
42:43 Padded Archer Armor
43:17 Architecture
42:37 Treadmill Crane
43:05 Town Watch
43:38 Elite Hussite Wagon
44:24 Wagenburg Tactics
46:58 Town Patrol
Anchorwall
8:57 Feudal Age
10:28 Loom
13:26 Castle Age
12:05 Double-Bit Axe
12:29 Horse Collar
18:27 Wheelbarrow
18:52 Bow Saw
25:23 Scale Barding Armor
25:35 Forging
25:50 Gold Mining
28:46 Imperial Age
26:35 Hand Cart
27:53 Bloodlines
27:44 Husbandry
28:05 Stone Mining
28:55 Iron Casting
29:23 Chain Barding Armor
29:59 Conscription
30:08 Aznauri Cavalry
31:13 Town Watch
32:42 Blast Furnace
32:18 Plate Barding Armor
32:46 Chemistry
33:53 Stone Shaft Mining
33:19 Elite Monaspa
34:38 Capped Ram
35:35 Devotion
36:05 Siege Ram
37:25 Siege Engineers
45:24 Spies/Treason
朱文龙
8:36 Feudal Age
12:18 Castle Age
10:10 Double-Bit Axe
10:44 Horse Collar
12:59 Heavy Plow
17:28 Loom
20:22 Bow Saw
21:53 Wheelbarrow
21:39 Gold Mining
21:41 Stone Mining
22:28 Treadmill Crane
26:31 Imperial Age
24:31 Hand Cart
25:09 Gold Shaft Mining
27:42 Town Watch
29:10 Fletching
29:21 Padded Archer Armor
29:01 Heavy Camel Rider
29:42 Husbandry
29:52 Bloodlines
32:50 Town Patrol
33:27 Leather Archer Armor
33:08 Bodkin Arrow
Mr. Penis
8:23 Feudal Age
12:45 Castle Age
10:29 Horse Collar
10:48 Double-Bit Axe
14:01 Bow Saw
16:00 Fervor
17:41 Sanctity
17:40 Heavy Plow
18:08 Loom
20:03 Gold Mining
20:03 Stone Mining
22:13 Wheelbarrow
25:57 Imperial Age
23:13 Loom
23:13 Town Watch
24:14 Gold Shaft Mining
24:14 Stone Shaft Mining
25:23 Hand Cart
25:09 Town Patrol
25:45 Fortified Wall
25:18 Treadmill Crane
25:49 Fortified Wall
25:44 Siege Engineers
27:01 Fletching
28:16 Block Printing
28:51 Conscription
29:53 Bodkin Arrow
30:32 Crop Rotation
31:03 Two-Man Saw
31:28 Ballistics
32:08 Chemistry
31:19 Masonry
34:55 Scale Mail Armor
35:05 Forging
34:51 Elite Fire Lancer
35:33 Squires
35:18 Arson
35:20 Gambesons
37:21 Hoardings
37:19 Chain Mail Armor
37:40 Iron Casting
42:17 Fortified Bastions
Connection lost

Rejoining the realm…

Still unreachable

The connection could not be restored.

Session expired

The server has moved on; the page needs a fresh start.